 Dungeon Crawl Stone Soup version 0.17-a0-1442-g10bb59b (webtiles) character file.

1796 Fizybubbleh the Merchant of Misery (level 8, -2/52 HPs)
             Began as a Mummy Necromancer on June 27, 2015.
             Was a Believer of Kikubaaqudgha.
             Slain by a killer bee (6 damage)
             ... on level 6 of the Dungeon.
             The game lasted 00:43:58 (10118 turns).

Fizybubbleh the Merchant of Misery (MuNe)          Turns: 10118, Time: 00:43:58

Health: -2/52      AC:  5    Str: 12    XL:     8   Next: 83%
Magic:  0/15       EV: 12    Int: 16    God:    Kikubaaqudgha [**....]
Gold:   419        SH:  0    Dex: 12    Spells: 6 memorised, 2 levels left

rFire  x . .     SeeInvis .     c - +1 whip
rCold  + . .     Clarity  +     a - +0 robe
rNeg   + + +     SustAt   .     (no shield)
rPois  ∞         Gourm    .     (no helmet)
rElec  .         Spirit   .     g - +0 cloak
rCorr  .         Warding  .     (no gloves)
rMut   .         Stasis   .     (no boots)
MR     +....                    e - amulet of clarity
Stlth  ++........               (no ring)
                                u - +2 ring of protection

@: very slightly contaminated, somewhat resistant to hostile enchantments,
unstealthy
A: no food or potions, fire vulnerability, cold resistance 1, negative energy
resistance 3, torment resistance, unbreathing
a: Receive Corpses, Renounce Religion


You were on level 6 of the Dungeon.
You worshipped Kikubaaqudgha.
Kikubaaqudgha was pleased with you.
You were not hungry.

You visited 2 branches of the dungeon, and saw 8 of its levels.
You also visited: Sewer.

You collected 419 gold pieces.

Inventory:

Hand weapons
 c - a +1 whip (weapon)
Missiles
 d - 368 stones (quivered)
Armour
 a - a +0 robe (worn)
 g - a +0 cloak (worn)
 n - the +0 chain mail of Dehuof Zoate {*Drain MR+++ rCorr Str+2}
   (You found it on level 4 of the Dungeon)

   It affects your strength (+2).
   It affects your resistance to hostile enchantments.
   It protects you from acid and corrosion.
   It causes draining when unequipped.
Jewellery
 e - an amulet of clarity (around neck)
 u - a +2 ring of protection (left hand)
Magical devices
 o - a wand of disintegration (2)
 w - a wand of paralysis (11)
Scrolls
 h - a scroll of noise
 i - 2 scrolls of immolation
 j - 3 scrolls of remove curse
 l - a scroll of recharging
 p - a scroll of random uselessness
 q - a scroll of enchant weapon
 s - 2 scrolls of identify
 v - a scroll of fog {unknown}
Books
 b - a book of Necromancy

   Spells                             Type                      Level
   a - Pain                           Necromancy                   1
   b - Animate Skeleton               Necromancy                   1
   c - Vampiric Draining              Necromancy                   3
   d - Regeneration                   Charms/Necromancy            3
   e - Animate Dead                   Necromancy                   4
   f - Control Undead                 Necromancy                   4
 f - Kikubaaqudgha's Almanac of Evil Magic
   (Kikubaaqudgha gifted it to you in a sewer)

   Spells                             Type                      Level
   a - Animate Skeleton               Necromancy                   1
   b - Pain                           Necromancy                   1
   c - Corpse Rot                     Necromancy                   2
   d - Vampiric Draining              Necromancy                   3
   e - Control Undead                 Necromancy                   4
 r - a book of Debilitation

   Spells                             Type                      Level
   a - Corona                         Hexes                        1
   b - Slow                           Hexes                        2
   c - Gell's Gravitas                Hexes/Translocation          3
   d - Inner Flame                    Hexes/Fire                   3
   e - Cause Fear                     Hexes                        4
   f - Leda's Liquefaction            Hexes/Earth                  4
Comestibles
 k - 3 beef jerkies


   Skills:
 - Level 1.5 Dodging
 - Level 1.5 Stealth
 - Level 5.1 Spellcasting
 + Level 10.8 Necromancy


You had 2 spell levels left.
You knew the following spells:

 Your Spells              Type           Power        Failure   Level  Hunger
a - Pain                  Necr           ####         1%          1    N/A
b - Animate Skeleton      Necr           N/A          1%          1    N/A
c - Vampiric Draining     Necr           #####.....   1%          3    N/A
d - Control Undead        Necr           #####.....   1%          4    N/A
e - Animate Dead          Necr           N/A          1%          4    N/A
f - Corpse Rot            Necr           N/A          1%          2    N/A

Dungeon Overview and Level Annotations

Branches:
Dungeon (7/15)             Temple (1/1) D:4

Altars:
Ashenzari
Cheibriados
Dithmenos
Elyvilon
Gozag
Kikubaaqudgha
Makhleb
Nemelex Xobeh
Okawaru
Qazlal
Ru
Sif Muna
Trog
Xom
Zin

Annotations:
D:2 exclusion: downstairs
D:4 exclusion: Menkaure, Menkaure
D:5 exclusion: quasit, Pikel; nubinia's ghost, experienced OpWz
D:6 Sigmund
D:7 exclusion: oklob plant


Innate Abilities, Weirdness & Mutations

You do not eat or drink.
Your flesh is vulnerable to fire.
You are immune to poison.
Your flesh is cold resistant.
You are immune to negative energy.
You are immune to unholy pain and torment.
You can survive without breathing.


Message History

Aim: a killer bee You feel life coursing into your body.
The killer bee stings you but does no damage.
The killer bee barely misses you.
You regained 4 hp, and now have 16/52 hp.
You now have 1/15 mp.
Aim: a killer bee (moderately wounded, chance to defeat MR: 89%)
The killer bee convulses in agony!
The killer bee stings you!
* * * LOW HITPOINT WARNING * * *
The killer bee barely misses you.
You take 7 damage, and have 9/52 hp.
You now have 0/15 mp.
You barely miss the killer bee. The killer bee barely misses you.
The killer bee stings you.
* * * LOW HITPOINT WARNING * * *
You take 5 damage, and have 4/52 hp.
You miss the killer bee. The killer bee closely misses you.
The killer bee closely misses you. x2
You barely miss the killer bee. The killer bee stings you.
You die...
Kikubaaqudgha rasps: "You have failed me!
Welcome... oblivion!"

.(.###
###................)...##
.^.#
##...._.........##....#
..##
##.............###....
...#
##.....####....###...
#..## #....)# ###...##...
##..## ##...## ##.......
##..## #.....# ##......
##..## ##.....## ##.....
##..## ##...@yJJ## ##....
##..####...###Z..## ##...
##.......## ##...## ####
##.....## ##...## #.....#
##...### #### ##.....#
##....####§Z.
####......## ##........$.
####..........##
#..........
#.)...#........#
#..........


You could see a killer bee, 2 oozes and a centaur skeleton.

Vanquished Creatures
  Duvessa (D:7)
  A water moccasin (D:7)
  An orc warrior (D:7)
  3 ogres
  2 giant frogs (Sewer)
  Dowan (D:7)
  A scorpion (D:7)
  A crimson imp (D:6)
  6 jellies (D:7)
  A quasit (D:5)
  Ijyb (D:2)
  Jessica (D:2)
  2 hounds
  Natasha (thrice) (D:4)
  An iguana (D:4)
  4 orc wizards
  7 worker ants
  6 adders
  3 gnolls (D:2)
  19 oozes
  3 worms (D:2)
  6 orcs
  15 giant cockroaches
  13 goblins
  17 hobgoblins
  5 jackals
  A quokka (D:3)
  13 ball pythons
  12 bats
  12 giant geckos
  13 giant newts
  A jackal skeleton (D:5)
  20 kobolds
  2 quokka skeletons
  12 rats
210 creatures vanquished.

Vanquished Creatures (collateral kills)
  A jelly (D:7)
  An orc wizard (D:7)
  A giant gecko (D:7)
  2 orcs (D:7)
  A hobgoblin (D:1)
  A goblin (D:1)
7 creatures vanquished.

Vanquished Creatures (others)
  2 fungi (D:7)
2 creatures vanquished.

Grand Total: 219 creatures vanquished

Notes
Turn   | Place    | Note
--------------------------------------------------------------
     0 | D:1      | Fizybubbleh the Mummy Necromancer began the quest for the Orb.
     0 | D:1      | Reached XP level 1. HP: 13/13 MP: 3/3
   105 | D:1      | Learned a level 1 spell: Animate Skeleton
   508 | D:1      | Reached XP level 2. HP: 19/19 MP: 1/5
  1235 | D:1      | Reached skill level 5 in Necromancy
  1235 | D:1      | Reached XP level 3. HP: 22/24 MP: 4/6
  1269 | D:1      | Learned a level 3 spell: Vampiric Draining
  1647 | D:2      | Noticed Jessica
  1658 | D:2      | Killed Jessica
  1956 | D:2      | Noticed Ijyb
  1979 | D:2      | Killed Ijyb
  1979 | D:2      | Reached XP level 4. HP: 13/30 MP: 0/7
  2196 | D:2      | Reached skill level 6 in Necromancy
  2765 | D:2      | Reached XP level 5. HP: 30/35 MP: 1/8
  4011 | D:4      | Noticed Natasha
  4047 | D:4      | Killed Natasha
  4047 | D:4      | Reached skill level 7 in Necromancy
  4338 | D:4      | Noticed Natasha
  4343 | D:4      | Killed Natasha
  4394 | D:4      | Reached XP level 6. HP: 29/41 MP: 0/9
  4511 | D:4      | Learned a level 4 spell: Control Undead
  4639 | D:4      | Got a steaming chain mail
  4650 | D:4      | Identified the +0 chain mail of Dehuof Zoate {*Drain MR+++ rCorr Str+2} (You found it on level 4 of the Dungeon)
  4749 | D:4      | Noticed Natasha
  4754 | D:4      | Killed Natasha
  4861 | D:4      | Noticed Menkaure
  5110 | D:4      | Found a staircase to the Ecumenical Temple.
  5118 | Temple   | Entered the Ecumenical Temple
  5166 | Temple   | Became a worshipper of Kikubaaqudgha
  5747 | D:5      | Entered Level 5 of the Dungeon
  6237 | D:5      | Reached XP level 7. HP: 39/46 MP: 8/13
  6303 | D:5      | Noticed nubinia's ghost (experienced OpWz)
  6611 | D:6      | Found a glowing drain.
  6621 | Sewer    | Entered a sewer
  6929 | Sewer    | Reached skill level 5 in Spellcasting
  7087 | Sewer    | Learned a level 4 spell: Animate Dead
  7089 | Sewer    | Acquired Kikubaaqudgha's first power
  7089 | Sewer    | Received a gift from Kikubaaqudgha
  7097 | Sewer    | Identified Kikubaaqudgha's Almanac of Evil Magic (Kikubaaqudgha gifted it to you in a sewer)
  7101 | Sewer    | Learned a level 2 spell: Corpse Rot
  7771 | Sewer    | Acquired Kikubaaqudgha's second power
  7791 | Sewer    | Reached skill level 8 in Necromancy
  7896 | D:6      | Found a snail-covered altar of Cheibriados.
  8064 | D:5      | Noticed Pikel
  8286 | D:6      | Noticed Sigmund
  8400 | D:6      | Found a shimmering altar of Xom.
  8608 | D:7      | Reached XP level 8. HP: 52/52 MP: 13/15
  8722 | D:7      | Noticed an oklob plant
  8735 | D:7      | Reached skill level 9 in Necromancy
  9230 | D:7      | Noticed Duvessa
  9331 | D:7      | Noticed Dowan
  9449 | D:7      | Killed Dowan
  9459 | D:7      | Killed Duvessa
  9459 | D:7      | Reached skill level 10 in Necromancy
 10118 | D:6      | Slain by a killer bee

Vault maps used:
D:1:      nicolae_arrival_washed_ashore
D:2:      first_bread, serial_park_tiny_1, uniq_jessica, uniq_iyjb
D:3:      grunt_decor_one_mirror, minivault_27
D:4:      minmay_temple_entry_hall, uniq_menkaure, uniq_natasha
D:5:      serial_bayou_lagoon_a, minmay_misc_feat_doors, uniq_pikel
D:6:      kennysheep_mini_moat, vehumet_statue, basic_altar,
          portal_sewer_entry_b, small_statue_intersection, uniq_sigmund
D:7:      lemuel_slime, gammafunk_temple_overflow_elements, serial_column_ruins,
          column_ruins_open_tiny, column_ruins_columns_straight,
          column_ruins_grid_1, column_ruins_grid_1, column_ruins_grid_4,
          column_ruins_open_small, uniq_duvessa
Temple:   circular_temple_13
Sewer:    sewer_frog_island_02

Action                   |  1- 3 |  4- 6 |  7- 9 || total
-------------------------+-------+-------+-------++-------
Melee: Whip              |    38 |    11 |    39 ||    88
Throw: Stone             |       |     4 |    31 ||    35
 Cast: Pain              |    67 |   175 |   246 ||   488
       Animate Skeleton  |     3 |       |       ||     3
       Vampiric Draining |       |       |    14 ||    14
       Corpse Rot        |       |       |     4 ||     4
       Animate Dead      |       |       |     2 ||     2
Invok: Receive Corpses   |       |       |     3 ||     3
Evoke: Wand              |       |     1 |     2 ||     3
  Use: Scroll            |       |     3 |     8 ||    11
 Stab: Sleeping          |     1 |       |       ||     1
